 Dungeon Crawl Stone Soup version 0.26-a0-835-g8259106e14 (webtiles) character file.

Game seed: 4234000742415242144

52 pablito the Insei (level 3, -5/24 HPs)
             Began as an Octopode Transmuter on Nov 18, 2020.
             Slain by an ogre
             ... wielding a +0 giant club
              (29 damage)
             ... on level 6 of the Dungeon.
             The game lasted 00:13:46 (2350 turns).

pablito the Insei (Octopode Transmuter)             Turns: 2350, Time: 00:13:49

Health: -5/24      AC:  1    Str:  9    XL:     3   Next: 85%
Magic:  6/6        EV: 13    Int: 15    God:
Gold:   167        SH:  0    Dex: 13    Spells: 5/6 levels left

rFire    . . .     SeeInvis .     - Unarmed
rCold    . . .     Faith    .   (no shield)
rNeg     . . .     Spirit   .   (helmet restricted)
rPois    .         Reflect  .   (no amulet)
rElec    .         Harm     .   l - ring of protection from magic
rCorr    .         Rampage  .   (no ring)
MR       +....                  (no ring)
Stlth    ++........             (no ring)
HPRegen  0.08/turn              (no ring)
MPRegen  0.10/turn              (no ring)
                                (no ring)
                                (no ring)

@: no status effects
A: almost no armour, stealthy swim, amphibious, 8 rings, constrict 8, camouflage
1, gelatinous body 1
a: no special abilities


You were on level 6 of the Dungeon.
You visited 1 branch of the dungeon, and saw 4 of its levels.

You collected 167 gold pieces.

Inventory:

Hand Weapons
 c - a +2 dagger of protection
 j - a +0 dagger
Jewellery
 l - a ring of protection from magic (left tentacle)
Scrolls
 b - a scroll of amnesia
 f - a scroll of fog {unknown}
 h - 2 scrolls of random uselessness {unknown}
 n - a scroll of enchant weapon {unknown}
 o - a scroll of teleportation {unknown}
 p - a scroll of remove curse {unknown}
Potions
 a - a potion of lignification {unknown}
 d - a potion of berserk rage {unknown}
 e - 3 potions of heal wounds {unknown}
 g - a potion of attraction {unknown}
 i - 2 potions of degeneration {unknown}
 k - a potion of curing {unknown}
 m - a potion of resistance {unknown}


   Skills:
 + Level 1.6 Fighting
 - Level 2.0 Dodging
 + Level 0.2 Stealth
 + Level 4.0 Unarmed Combat
 - Level 2.0 Spellcasting
 + Level 2.4 Transmutations


You had 5 spell levels left.
You knew the following spells:

 Your Spells              Type           Power        Failure   Level
a - Beastly Appendage     Tmut           #.....       9%          1

Your spell library contained the following spells:

 Spells                   Type           Power        Failure   Level
 Wereblood                Tmut           #.......     12%         2
 Spider Form              Tmut/Pois      #.........   38%         3
 Ice Form                 Ice/Tmut       #.......     80%         4
 Blade Hands              Tmut           #.........   92%         5


Dungeon Overview and Level Annotations

Branches:
Dungeon (3/15)

Altars:


Innate Abilities, Weirdness & Mutations

You cannot wear most types of armour.
You are very stealthy in the water. (Stealth+)
You are amphibious.
You can wear up to eight rings at the same time.
You can use your tentacles to constrict eight enemies at once.
Your skin changes colour to match your surroundings (Stealth+).
Your rubbery body absorbs attacks. (AC +1, EV +1)


Message History

You constrict the jackal, but do no damage.
The jackal closely misses you. The jackal bites you.
You tentacle-slap the jackal.
You kill the jackal!
You see here a jackal corpse.
Your tentacle spike disappears.
You now have 167 gold pieces (gained 19).
Okay, then.
HP restored.
You see here a jackal corpse.
Found an escape hatch in the floor.
An ogre comes into view. It is wielding a +0 giant club.
A bullfrog comes into view.
The ogre shouts!
The bullfrog croaks.
You hear a shout!
You hear a bark!
A hound comes into view.
The bullfrog releases a deep croak.
An orc comes into view. It is wielding a +0 whip.
The ogre hits you with a +0 giant club!!
Ouch! That really hurt!
You die...

......... ........
<............. #...>....
............. ##....##..
............###.........
...8......>.............
..≈≈≈...................
..≈≈≈...................
..≈≈≈.....#.............
..≈≈≈.O@.....#..........
.............#....####..
.............##...# #..
..............#...# #..
.F.....#......##### ##.
.......##....## ##
.#..... ##..## o#....
#h..


You could see an ogre, a bullfrog, a hound and an orc.

Vanquished Creatures
  3 oozes
  A dart slug (D:1)
  2 leopard geckos
  A bat (D:1)
  3 goblins (D:2)
  5 hobgoblins
  6 jackals
  A quokka (D:3)
  A frilled lizard (D:1)
  2 kobolds (D:1)
  8 rats
33 creatures vanquished.

Notes
Turn   | Place    | Note
-------+----------+-------------------------------------------
     0 | D:1      | pablito the Octopode Transmuter began the quest for the
                  | Orb.
     0 | D:1      | Reached XP level 1. HP: 13/13 MP: 3/3
   242 | D:1      | Reached XP level 2. HP: 16/18 MP: 3/5
   843 | D:1      | Reached XP level 3. HP: 23/23 MP: 4/6
  1828 | D:2      | Reached skill level 4 in Unarmed Combat
  2192 | D:3      | You fall into a shaft and drop 3 floors!
  2344 | D:6      | Noticed an ogre
  2350 | D:6      | Noticed a bullfrog
  2350 | D:6      | Slain by an ogre

Illustrated notes

Levels and vault maps discovered:
D:1:      psy_arrival_whirlpool, layout_basic, minmay_large_rounded_square
D:2:      layout_loops_cross, dk_vineyard_3
D:3:      layout_basic, old_standard_altar, minmay_crystal_room,
          chequers_hall_statues_corner_a, st_stairs_2, columned_hall_lemuel
D:6:      layout_cave_pools, minmay_temple_entry_waves, serial_park,
          serial_park_tiny_1, serial_park_fountain, serial_park_tiny_pond,
          serial_park_tiny_1, serial_park_tiny_pond, serial_park_tiny_pond,
          hangedman_abyss_or_decor_stabs, minmay_microvault

Skill      XL: |  1  2  3 |
---------------+----------+-----
Unarmed Combat | 4 |  4.0
Fighting       | |  1.6
Dodging        | |  2.0
Stealth        | |  0.2
Spellcasting   | |  2.0
Transmutations | |  2.4

Action                   || total
-------------------------++-------
Melee: Unarmed           ||    63
       Constrict         ||    22
       Kick              ||    20
       Tentacles         ||    11
       Dagger            ||    13
       Punch             ||     1
 Cast: Beastly Appendage ||    19
  Use: Scroll            ||     2
 Stab: Sleeping          ||     6
Armor: Skin              ||     6
Dodge: Dodged            ||    39

Table legend: (Time is in decaauts)
 A = Elapsed time spent in this place.
 B = Non-inter-level travel time spent in this place.
 C = Inter-level travel time spent in this place.
 D = Time resting spent in this place.
 E = Time spent auto-exploring this place.
 F = Levels seen in this place.
 G = Mean time per level.
                   A        B        C        D        E       F      G
               +--------+--------+--------+--------+--------+-----+--------+
         Total |   2339 |   2271 |     68 |      0 |   1961 |   4 |  584.8 |
       Dungeon |   2339 |   2271 |     68 |      0 |   1961 |   4 |  584.8 |
               +--------+--------+--------+--------+--------+-----+--------+

Top non-repeatable levels by time:
     D:1: 1207 daAuts
     D:2: 877 daAuts
     D:6: 157 daAuts
     D:3: 97 daAuts
